[Event "Titled Tuesday Blitz March 22 Early 2022"]
[White "Terry, Renato"]
[Black "Shuvalov, Evgenij"]
[WhiteFideId "3803457"]
[BlackFideId "4187237"]
[WhiteElo "2577"]
[BlackElo "2151"]
[Result "1-0"]
[Round "01"]
[TimeControl "180+1"]
[Date "2022.03.22"]
[WhiteClock "0:00:22"]
[BlackClock "0:00:10"]

1. e4 e6 2. d4 d5 3. exd5 exd5 4. Nf3 Nf6 5. Bd3 c5 6. dxc5 Bxc5 7. Qe2+ Be6 8. Be3 Bxe3 9. Qxe3 O-O 10. O-O Nc6 11. Nbd2 d4 12. Qg5 h6 13. Qh4 Nd5 14. Qe4 Nf6 15. Qh4 Nd5 16. Qg3 Ndb4 17. Be4 f5 18. Bxc6 Nxc6 19. Ne5 f4 20. Nxc6 bxc6 21. Qd3 c5 22. Rfe1 Qd5 23. Qe4 Rf6 24. Qxd5 Bxd5 25. Re5 Rd8 26. b3 Re6 27. Rae1 Kf7 28. Rf5+ Rf6 29. Ree5 Be6 30. Rxf6+ Kxf6 31. Rxc5 Bf5 32. g3 fxg3 33. fxg3 Re8 34. Kf2 Re3 35. Nf3 Rc3 36. Rxc3 dxc3 37. Nd4 Be4 38. Ke3 Ke5 39. b4 a6 40. a3 g5 41. Ne2 Bxc2 42. Nxc3 Bf5 43. Na4 Bc8 44. Nc5 Kd5 45. Kd3 Ke5 46. a4 h5 47. a5 h4 48. Ke3 hxg3 49. hxg3 Kd5 50. Ne4 Kc4 51. Nd6+ Kxb4 52. Nxc8 Kxa5 53. Nd6 Kb4 54. Kd2 a5 55. Ne4 g4 56. Kc2 Kc4 57. Nf2 Kd4 58. Nxg4 Ke4 59. Nf2+ Kf3 60. g4 a4 61. Kb2 Kf4 62. Ka3 1-0


[Site "https://www.chess.com"]

[Event "Titled Tuesday Blitz March 22 Early 2022"]
[White "Timofeev, Artyom"]
[Black "Fiorito, Fabian"]
[WhiteFideId "4140419"]
[BlackFideId "100200"]
[WhiteElo "2594"]
[BlackElo "2395"]
[Result "1-0"]
[Round "01"]
[TimeControl "180+1"]
[Date "2022.03.22"]
[WhiteClock "0:00:38"]
[BlackClock "0:00:14"]

1. e4 c6 2. Nf3 d5 3. Nc3 Bg4 4. h3 Bxf3 5. Qxf3 Nf6 6. d3 e6 7. Be2 Nbd7 8. O-O Qb6 9. a3 O-O-O 10. b4 h5 11. Bf4 a6 12. Na4 Qb5 13. Nc3 Qb6 14. e5 Ne8 15. Rab1 Be7 16. Na4 Qb5 17. Nc5 Nxc5 18. d4 Qa4 19. bxc5 Qxd4 20. Qb3 Rd7 21. Be3 Qxe5 22. Rfe1 Qc7 23. Qa4 d4 24. Bxd4 Qf4 25. c3 Bxc5 26. Bxa6 Bxd4 27. cxd4 Rc7 28. Rxb7 Rxb7 29. Qxc6+ Qc7 30. Bxb7+ Kb8 31. Rb1 Qxc6 32. Bxc6+ Kc7 33. Bxe8 Rxe8 34. Rb4 Ra8 35. a4 Kd6 36. h4 Kd5 37. g3 Ra7 38. Kg2 Rc7 39. Kf3 Rc3+ 40. Kf4 Rc7 41. Kg5 g6 42. Kf6 Ke4 43. a5 Ra7 44. Ra4 Kd5 45. a6 Kd6 46. Ra5 Kc6 47. f3 Kd6 48. g4 Kc6 49. gxh5 gxh5 50. Rxh5 Rxa6 51. Kxf7 Kd6 52. Re5 Ra4 53. Rxe6+ Kd5 54. Re4 Ra3 55. Rf4 Ra2 56. h5 Rh2 57. Kg6 Rg2+ 58. Rg4 Rh2 59. h6 Ke6 60. h7 1-0


[Site "https://www.chess.com"]

[Event "Titled Tuesday Blitz March 22 Early 2022"]
[White "Topalov, Aleksandar"]
[Black "Dronavalli, Harika"]
[WhiteFideId "925659"]
[BlackFideId "5015197"]
[WhiteElo "2158"]
[BlackElo "2382"]
[Result "1-0"]
[Round "01"]
[TimeControl "180+1"]
[Date "2022.03.22"]
[WhiteClock "0:00:30"]
[BlackClock "0:00:07"]

1. b3 Nf6 2. Bb2 g6 3. Bxf6 exf6 4. c4 d5 5. cxd5 Qxd5 6. Nc3 Qd8 7. e3 c6 8. Nf3 Bg7 9. Be2 O-O 10. O-O f5 11. d4 Nd7 12. b4 a6 13. Rb1 Nf6 14. Qc2 Be6 15. a4 Nd5 16. Nxd5 Bxd5 17. b5 cxb5 18. axb5 a5 19. b6 a4 20. Qc7 a3 21. Rfc1 Re8 22. Bc4 Bxc4 23. Rxc4 f4 24. Qxf4 a2 25. Ra1 Qxb6 26. Rcc1 Qb2 27. Qc7 Rec8 28. Qxc8+ Rxc8 29. Rxc8+ Bf8 30. Rcc1 Bb4 31. Ne1 Bc3 32. Nd3 Qd2 33. Rd1 Qc2 34. Rac1 Qb2 35. Nxb2 Bxb2 36. Ra1 Bxa1 37. Rxa1 b5 38. Rxa2 b4 39. Rb2 Kf8 40. Rxb4 1-0


[Site "https://www.chess.com"]

[Event "Titled Tuesday Blitz March 22 Early 2022"]
[White "Tsydypov, Zhamsaran"]
[Black "Alinasab, Mobina"]
[WhiteFideId "4108566"]
[BlackFideId "12528897"]
[WhiteElo "2614"]
[BlackElo "2052"]
[Result "1-0"]
[Round "01"]
[TimeControl "180+1"]
[Date "2022.03.22"]
[WhiteClock "0:01:13"]
[BlackClock "0:00:02"]

1. Nf3 Nf6 2. b3 b6 3. Bb2 e6 4. g3 Bb7 5. Bg2 Be7 6. O-O O-O 7. c4 c5 8. d4 cxd4 9. Qxd4 d6 10. Rd1 Qc7 11. Nc3 a6 12. Ba3 Rd8 13. Rac1 Nc6 14. Qf4 Ne5 15. e4 Nfd7 16. Nd4 Nf6 17. h3 Rac8 18. Qe3 Qb8 19. Nf3 Nxf3+ 20. Bxf3 Nd7 21. Bg2 Ba8 22. Bb2 b5 23. cxb5 axb5 24. Ne2 b4 25. Nd4 Rxc1 26. Rxc1 Rc8 27. Rxc8+ Qxc8 28. Qd2 Qc5 29. Nc2 d5 30. exd5 Bxd5 31. Bxd5 exd5 32. Ne3 Bf6 33. Nf5 Bxb2 34. Qxb2 Nf6 35. Qe5 h6 36. Qd4 Qc1+ 37. Kg2 Qc3 38. Qf4 Qd3 39. Ne7+ Kf8 40. Nc6 Qc3 41. Qb8+ Ne8 42. Qxb4+ Qxb4 43. Nxb4 d4 44. Kf3 Nc7 45. Ke4 Ne6 46. Nc6 Ke8 47. h4 Nc5+ 48. Kxd4 Na6 49. b4 Kd7 50. b5 Nc7 51. a4 Na8 52. Kc5 Kc7 53. a5 f6 54. b6+ Kb7 55. Nd8+ Ka6 56. b7 1-0


[Site "https://www.chess.com"]

[Event "Titled Tuesday Blitz March 22 Early 2022"]
[White "Tsyhanchuk, Stanislav"]
[Black "Palchuk, Andrii"]
[WhiteFideId "13505130"]
[BlackFideId "14176688"]
[WhiteElo "2078"]
[BlackElo "2319"]
[Result "1-0"]
[Round "01"]
[TimeControl "180+1"]
[Date "2022.03.22"]
[WhiteClock "0:00:31"]
[BlackClock "0:00:15"]

1. e4 e5 2. Nc3 Nf6 3. g3 Nc6 4. Bg2 Bc5 5. Nge2 d6 6. h3 O-O 7. O-O a6 8. d3 Be6 9. Nd5 Bxd5 10. exd5 Ne7 11. c4 Nf5 12. Kh2 Re8 13. Nc3 Ba7 14. Ne4 h6 15. Bd2 Nd4 16. Bc3 Nd7 17. f4 f5 18. Nd2 exf4 19. Rxf4 Ne2 20. Rxf5 Nxc3 21. bxc3 Ne5 22. Ne4 Qe7 23. Qe2 Rf8 24. Raf1 Rxf5 25. Rxf5 Rf8 26. Rxf8+ Qxf8 27. d4 Nd7 28. Qg4 Qe7 29. Qe6+ Kf8 30. h4 Qxe6 31. dxe6 Nb6 32. c5 Na4 33. cxd6 cxd6 34. Nxd6 Nxc3 35. d5 Bb8 36. Nxb7 Ke7 37. Nc5 Ne2 38. Ne4 Be5 39. Kh3 h5 40. Bf3 g6 41. Bxe2 1-0


[Site "https://www.chess.com"]

[Event "Titled Tuesday Blitz March 22 Early 2022"]
[White "Urazayev, Arystanbek"]
[Black "Garagulya, Konstantin"]
[WhiteFideId "13709810"]
[BlackFideId "4128931"]
[WhiteElo "2393"]
[BlackElo "2329"]
[Result "1-0"]
[Round "01"]
[TimeControl "180+1"]
[Date "2022.03.22"]
[WhiteClock "0:00:19"]
[BlackClock "0:00:16"]

1. e4 c5 2. Nf3 a6 3. c3 d5 4. exd5 Qxd5 5. d4 Nf6 6. Na3 cxd4 7. cxd4 e6 8. Nc4 Nbd7 9. Ne3 Qa5+ 10. Bd2 Bb4 11. Bd3 O-O 12. O-O Bxd2 13. Nxd2 b5 14. a4 bxa4 15. Rxa4 Qc7 16. d5 Nb6 17. Rh4 Nbxd5 18. Nxd5 exd5 19. Bxh7+ Nxh7 20. Qh5 f6 21. Qxh7+ Kf7 22. Nf3 Be6 23. Qh5+ Kg8 24. Nd4 Qd7 25. Re1 Rfe8 26. h3 Rac8 27. b3 Kf8 28. Re3 Bg8 29. Rf4 Qd6 30. g3 Rxe3 31. fxe3 Rc3 32. Kf2 Qe7 33. Qe2 Bh7 34. Qd2 Rc7 35. Qa5 Be4 36. Qxc7 1-0


[Site "https://www.chess.com"]

[Event "Titled Tuesday Blitz March 22 Early 2022"]
[White "Vakhlamov, Igor L."]
[Black "Aaditya Dhingra"]
[WhiteFideId "24126748"]
[BlackFideId "25678191"]
[WhiteElo "2401"]
[BlackElo "1849"]
[Result "1-0"]
[Round "01"]
[TimeControl "180+1"]
[Date "2022.03.22"]
[WhiteClock "0:02:33"]
[BlackClock "0:01:28"]

1. e4 c5 2. Nf3 e6 3. Nc3 Nc6 4. Bb5 Qc7 5. O-O a6 6. Bxc6 dxc6 7. d4 cxd4 8. Qxd4 Nf6 9. e5 Nd5 10. Bg5 h6 11. Bh4 g5 12. Bg3 Nxc3 13. Qxc3 Bg7 14. Rad1 O-O 15. h4 g4 16. Nh2 h5 17. f3 Qb6+ 18. Kh1 gxf3 19. Nxf3 c5 20. Ng5 Qb4 21. Qd3 1-0


[Site "https://www.chess.com"]

[Event "Titled Tuesday Blitz March 22 Early 2022"]
[White "Vasquez Schroeder, Rodrigo"]
[Black "Johnson, Donald"]
[WhiteFideId "3400042"]
[BlackFideId "30949122"]
[WhiteElo "2561"]
[BlackElo "1724"]
[Result "1-0"]
[Round "01"]
[TimeControl "180+1"]
[Date "2022.03.22"]
[WhiteClock "0:02:27"]
[BlackClock "0:01:38"]

1. e4 c5 2. Nf3 d6 3. d4 cxd4 4. Nxd4 Nf6 5. Nc3 a6 6. Bg5 e6 7. f4 h6 8. Bh4 Qb6 9. Bxf6 gxf6 10. Qd2 Qxb2 11. Rb1 Qa3 12. Be2 Qc5 13. Na4 Qc7 14. Nb6 Ra7 15. Bh5 Ke7 16. Nf5+ Kd8 17. Nd4 Nd7 18. Nxc8 Kxc8 19. Bxf7 Nc5 20. Bxe6+ Kb8 21. Bd5 h5 22. Nc6+ Ka8 23. Nxa7 Kxa7 24. Qd4 Bh6 25. Rxb7+ Qxb7 26. Bxb7 Kxb7 27. Qxd6 Rc8 28. Qxf6 Nxe4 29. Qxh6 a5 30. O-O Nd2 31. Rd1 Rxc2 32. Qh7+ Rc7 33. Qxc7+ Kxc7 34. Rxd2 1-0


[Site "https://www.chess.com"]

[Event "Titled Tuesday Blitz March 22 Early 2022"]
[White "Vine, Elzbieta"]
[Black "Kubicka, Anna"]
[WhiteFideId "1119320"]
[BlackFideId "1152254"]
[WhiteElo "1829"]
[BlackElo "2000"]
[Result "0-1"]
[Round "01"]
[TimeControl "180+1"]
[Date "2022.03.22"]
[WhiteClock "0:00:18"]
[BlackClock "0:01:34"]

1. e4 c5 2. Nf3 d6 3. d4 cxd4 4. Nxd4 Nf6 5. Nc3 a6 6. Bg5 Nbd7 7. f4 Qc7 8. Qf3 h6 9. Bh4 g5 10. fxg5 hxg5 11. Bg3 Nh5 12. O-O-O Nxg3 13. Qxg3 Ne5 14. Nd5 Qa5 15. Kb1 Bg4 16. Be2 Bxe2 17. Nxe2 Rc8 18. Qb3 b5 19. Nd4 Nc4 20. Kc1 g4 21. h3 Bh6+ 22. Kb1 Nd2+ 23. Rxd2 Bxd2 24. Nf5 Bg5 25. h4 Qd2 26. Rf1 Qxg2 0-1


[Site "https://www.chess.com"]

[Event "Titled Tuesday Blitz March 22 Early 2022"]
[White "Vishnu, Prasanna. V"]
[Black "Buscar, Michael"]
[WhiteFideId "5030692"]
[BlackFideId "2603616"]
[WhiteElo "2510"]
[BlackElo "2010"]
[Result "1-0"]
[Round "01"]
[TimeControl "180+1"]
[Date "2022.03.22"]
[WhiteClock "0:00:41"]
[BlackClock "0:00:03"]

1. e4 c5 2. Nc3 g6 3. d4 cxd4 4. Qxd4 Nf6 5. Be3 Bg7 6. f3 Nc6 7. Qd2 O-O 8. Nge2 d6 9. h4 Ne5 10. Nf4 h5 11. O-O-O Bd7 12. Nfd5 Rc8 13. Bg5 Kh7 14. f4 Nc4 15. Bxc4 Rxc4 16. Bxf6 exf6 17. Kb1 Bg4 18. Rde1 b5 19. f5 b4 20. Nd1 Bh6 21. Qd3 Rc5 22. N1e3 Bxe3 23. Qxe3 Re8 24. Rhf1 Rxd5 25. fxg6+ fxg6 26. Qxa7+ Re7 27. Qa4 Rde5 28. Qxb4 Qe8 29. a4 Rxe4 30. Rxe4 Rxe4 31. Qxd6 Re1+ 32. Rxe1 Qxe1+ 33. Ka2 Kg7 34. Qc7+ Kh6 35. Qd8 Qe6+ 36. b3 Kg7 37. a5 Be2 38. Qc7+ Kh6 39. Ka3 Qe5 40. Qxe5 fxe5 41. c4 Bf1 42. g3 Bg2 43. a6 e4 44. Kb2 e3 45. Kc3 Be4 46. b4 Kg7 47. b5 Kf6 48. b6 Kf5 49. b7 e2 50. Kd2 1-0


[Site "https://www.chess.com"]

[Event "Titled Tuesday Blitz March 22 Early 2022"]
[White "Vlassov, Nikolai"]
[Black "Grischuk, Alexander"]
[WhiteFideId "4103360"]
[BlackFideId "4126025"]
[WhiteElo "2407"]
[BlackElo "2762"]
[Result "0-1"]
[Round "01"]
[TimeControl "180+1"]
[Date "2022.03.22"]
[WhiteClock "0:00:16"]
[BlackClock "0:00:45"]

1. e4 c6 2. d4 d5 3. e5 Bf5 4. Nc3 e6 5. g4 Bg6 6. Nge2 c5 7. Be3 Nc6 8. dxc5 a6 9. f4 Qh4+ 10. Bf2 Qxg4 11. Rg1 Qf5 12. Rc1 f6 13. exf6 Qxf6 14. Bh3 Nh6 15. Qd2 Nf5 16. a3 Be7 17. b4 O-O 18. Bxf5 Qxf5 19. Bg3 Rad8 20. Nd1 d4 21. Nf2 e5 22. fxe5 Nxe5 23. Bxe5 Qxe5 24. Ng4 Qe6 25. Kd1 d3 0-1


[Site "https://www.chess.com"]

[Event "Titled Tuesday Blitz March 22 Early 2022"]
[White "Vovk, Orest"]
[Black "Pranav, V"]
[WhiteFideId "14113490"]
[BlackFideId "25060783"]
[WhiteElo "2203"]
[BlackElo "2349"]
[Result "0-1"]
[Round "01"]
[TimeControl "180+1"]
[Date "2022.03.22"]
[WhiteClock "0:00:04"]
[BlackClock "0:00:25"]

1. h4 e5 2. h5 d5 3. h6 Nxh6 4. d4 e4 5. Bxh6 gxh6 6. e3 c6 7. c4 Be6 8. Nc3 Qb6 9. Qb3 Bb4 10. Rxh6 Nd7 11. Nh3 Bf8 12. Rh4 dxc4 13. Bxc4 Bxc4 14. Qxc4 O-O-O 15. O-O-O f5 16. Qe6 Bb4 17. Qxf5 Rhf8 18. Qxe4 Qa5 19. Qc2 Bxc3 20. bxc3 Rf5 21. Rxh7 Rb5 22. Kd2 Nf6 23. Rf7 Rf5 24. Ke1 Qd5 25. c4 Qe6 26. d5 Qe5 27. Kf1 Ne4 28. Rxf5 Qxf5 29. Kg1 Rg8 30. Rd4 Rg4 31. dxc6 Rh4 32. cxb7+ Kxb7 33. Nf4 Rh1+ 34. Kxh1 Ng3+ 35. fxg3 Qxc2 36. Kh2 Qxa2 37. Nd5 a5 38. Rh4 Qd2 39. e4 a4 40. c5 a3 41. Rh6 Qxh6+ 0-1


[Site "https://www.chess.com"]

[Event "Titled Tuesday Blitz March 22 Early 2022"]
[White "Yang, Kaiqi"]
[Black "Ardila, Oscar Humberto"]
[WhiteFideId "8604398"]
[BlackFideId "4404742"]
[WhiteElo "2373"]
[BlackElo "1966"]
[Result "1-0"]
[Round "01"]
[TimeControl "180+1"]
[Date "2022.03.22"]
[WhiteClock "0:00:44"]
[BlackClock "0:00:24"]

1. e4 e5 2. Nf3 Nf6 3. d4 Nxe4 4. Bd3 d5 5. Nxe5 Nd7 6. Nxd7 Bxd7 7. O-O Be7 8. Nc3 Nxc3 9. bxc3 O-O 10. Rb1 b6 11. Qh5 g6 12. Qxd5 Be6 13. Qxd8 Rfxd8 14. a4 a5 15. Bf4 Ra7 16. Rfe1 Bf6 17. Be5 Kg7 18. f3 Bd7 19. Bb5 Bf5 20. Bxf6+ Kxf6 21. Re2 c5 22. g4 Be6 23. Rd1 Rc7 24. Kf2 h6 25. Rdd2 Rd6 26. Re3 g5 27. Red3 Rc8 28. dxc5 Rxd3 29. cxd3 Rxc5 30. c4 Ke5 31. d4+ Kd6 32. dxc5+ Kxc5 33. Ke3 Kb4 34. Kd4 1-0


[Site "https://www.chess.com"]

[Event "Titled Tuesday Blitz March 22 Early 2022"]
[White "Zarubitski, Viachaslau"]
[Black "Jaskolka, Tomasz"]
[WhiteFideId "13509373"]
[BlackFideId "1170791"]
[WhiteElo "2325"]
[BlackElo "2073"]
[Result "1-0"]
[Round "01"]
[TimeControl "180+1"]
[Date "2022.03.22"]
[WhiteClock "0:01:32"]
[BlackClock "0:00:45"]

1. e4 e6 2. d3 c5 3. Nf3 Nc6 4. g3 d5 5. Nbd2 Nge7 6. Bg2 g6 7. O-O Bg7 8. Re1 b6 9. c3 a5 10. e5 Ra7 11. d4 a4 12. h4 h5 13. Rb1 cxd4 14. cxd4 b5 15. b4 Nb8 16. Re2 Nd7 17. Ne1 Nb6 18. Nd3 Nc4 19. Nc5 Nc6 20. Nxc4 bxc4 21. b5 Na5 22. b6 Ra8 23. Bg5 f6 24. exf6 Bxf6 25. Nxe6 Bxe6 1-0


[Site "https://www.chess.com"]

[Event "Titled Tuesday Blitz March 22 Early 2022"]
[White "Zhigalko, Sergei"]
[Black "Perera Alfonso, Rene Humberto"]
[WhiteFideId "13502956"]
[BlackFideId "3514722"]
[WhiteElo "2662"]
[BlackElo "2313"]
[Result "1-0"]
[Round "01"]
[TimeControl "180+1"]
[Date "2022.03.22"]
[WhiteClock "0:01:12"]
[BlackClock "0:01:50"]

1. e4 c5 2. Nf3 d6 3. d4 cxd4 4. Qxd4 Nc6 5. Bb5 Qd7 6. Qd3 g6 7. e5 dxe5 8. Nxe5 Qxd3 9. cxd3 Bd7 10. Nxd7 Kxd7 11. Nc3 Bg7 12. Bf4 e5 13. Be3 Ne7 14. Ne4 a6 15. Bc4 f5 16. Nc5+ Kc8 17. Rc1 Bf6 18. Be6+ Kc7 19. Nd7 Bg7 20. Bc5 Rad8 21. Bb6+ Kd6 22. Bxd8 Rxd8 23. Nc5 b6 24. Nb7+ Kxe6 25. Nxd8+ Nxd8 26. Rc7 Ndc6 27. O-O Kd6 28. Rb7 b5 29. Rc1 b4 30. Rxc6+ 1-0


[Site "https://www.chess.com"]

[Event "Titled Tuesday Blitz March 22 Early 2022"]
[White "pedro_nascimento85"]
[Black "Le Ruyet, Leopold"]
[BlackFideId "645923"]
[WhiteElo "2006"]
[BlackElo "2276"]
[Result "0-1"]
[Round "01"]
[TimeControl "180+1"]
[Date "2022.03.22"]
[WhiteClock "0:01:58"]
[BlackClock "0:01:48"]

1. d4 d5 2. c4 dxc4 3. Nf3 Nf6 4. e3 e6 5. Bxc4 a6 6. Nc3 b5 7. Be2 Bb7 8. O-O c5 9. dxc5 Qxd1 10. Rxd1 Bxc5 11. a3 Nbd7 12. b4 Be7 13. Bb2 O-O 14. Nd2 Rfc8 15. Bf3 Bxf3 16. Nxf3 Nb6 17. Rac1 Nc4 18. Ba1 Nxa3 19. Ne5 Bxb4 20. Ne2 Nc4 21. Nxc4 Rxc4 22. Rxc4 bxc4 23. Rc1 Rc8 24. Bc3 Nd5 25. Bxb4 Nxb4 26. Nc3 Nd3 27. Ra1 Rc6 28. Kf1 g6 29. Ke2 Rb6 30. Ra2 Nc1+ 0-1


[Site "https://www.chess.com"]

[Event "Titled Tuesday Blitz March 22 Early 2022"]
[White "Abdrlauf, Elham"]
[Black "Manukian, Artak"]
[WhiteFideId "1533533"]
[BlackFideId "13301373"]
[WhiteElo "2334"]
[BlackElo "2452"]
[Result "1-0"]
[Round "02"]
[TimeControl "180+1"]
[Date "2022.03.22"]
[WhiteClock "0:02:06"]
[BlackClock "0:01:50"]

1. Nh3 e5 2. f3 d5 3. Nf2 f5 4. g3 e4 5. Bg2 c5 6. O-O Nf6 7. b3 Nc6 8. Bb2 Bd6 9. fxe4 fxe4 10. Bxf6 gxf6 11. c4 Be5 12. Nc3 e3 13. Nd3 d4 14. Nd5 exd2 15. Qxd2 O-O 16. Qh6 Be6 17. Nxe5 fxe5 18. Qxe6+ 1-0


[Site "https://www.chess.com"]

[Event "Titled Tuesday Blitz March 22 Early 2022"]
[White "Aldokhin, Ivan"]
[Black "Aravindh, Chithambaram VR."]
[WhiteFideId "24115720"]
[BlackFideId "5072786"]
[WhiteElo "2231"]
[BlackElo "2561"]
[Result "1/2-1/2"]
[Round "02"]
[TimeControl "180+1"]
[Date "2022.03.22"]
[WhiteClock "0:00:04"]
[BlackClock "0:00:08"]

1. e4 g6 2. d4 Bg7 3. Nc3 d6 4. Bg5 a6 5. Qd2 b5 6. Nf3 Bb7 7. Bd3 Nd7 8. O-O h6 9. Be3 e6 10. a4 b4 11. Ne2 Ngf6 12. Ng3 c5 13. c3 a5 14. cxb4 cxb4 15. Bf4 Qe7 16. Rac1 g5 17. Be3 Qd8 18. d5 O-O 19. dxe6 fxe6 20. Nd4 Re8 21. Bc4 Nc5 22. f3 Rc8 23. Ba2 d5 24. Rxc5 Rxc5 25. Nxe6 Rxe6 26. Bxc5 Kh8 27. Bd4 Ne8 28. Nf5 Bxd4+ 29. Nxd4 Rg6 30. exd5 Nd6 31. Ne6 Qb6+ 32. Kh1 Rf6 33. Rd1 b3 34. Bb1 Qb4 35. Qd3 Rf5 36. Qe3 Bxd5 37. Bxf5 Nxf5 38. Qe5+ Kg8 39. Qxd5 Ne3 40. Qd8+ Kf7 41. Qd7+ Kf6 42. Rg1 Nf5 43. Nf8 Qxf8 44. Qc6+ Kg7 45. Qe4 Qf6 46. Qe2 Qf7 47. Qf2 h5 48. Rd1 h4 49. g4 hxg3 50. hxg3 Qf6 51. Kg2 Qc6 52. Rd3 g4 53. Rc3 Qd5 54. Qe2 Nd4 55. Qe7+ Kg6 56. Qe8+ Kf6 57. Qf8+ Kg6 58. Qf4 gxf3+ 59. Kf2 Qe6 60. Re3 Qc4 61. Qg4+ Kf6 62. Qf4+ Kg6 63. Qe4+ Kg5 64. Qe5+ Nf5 65. Qf4+ Qxf4 66. gxf4+ Kxf4 67. Rxf3+ Ke4 68. Rxb3 Nd6 69. Rb6 Nc4 70. Rb5 Kd4 71. b3 Nd2 72. Ke2 Kc3 73. Rc5+ Kb4 74. Rb5+ Kc3 75. Rxa5 Nxb3 76. Ra8 Kb4 77. Kd3 Nc5+ 78. Kd4 Nxa4 79. Rb8+ Ka5 80. Kc4 Nb6+ 81. Kc5 Nd7+ 82. Kc6 Nxb8+ 1/2-1/2


[Site "https://www.chess.com"]

[Event "Titled Tuesday Blitz March 22 Early 2022"]
[White "Alinasab, Mobina"]
[Black "Maly, Alexey"]
[WhiteFideId "12528897"]
[BlackFideId "14103184"]
[WhiteElo "2052"]
[BlackElo "2304"]
[Result "0-1"]
[Round "02"]
[TimeControl "180+1"]
[Date "2022.03.22"]
[WhiteClock "0:00:01"]
[BlackClock "0:01:06"]

1. e4 c6 2. d4 d5 3. e5 Bf5 4. Nc3 e6 5. g4 Bg6 6. h4 h5 7. g5 c5 8. Nge2 Ne7 9. Nf4 cxd4 10. Nb5 Nf5 11. Nxg6 fxg6 12. Nxd4 Qb6 13. Nxf5 gxf5 14. g6 Nc6 15. f4 Bc5 16. Be2 Bf2+ 17. Kf1 O-O-O 18. Rh2 Bg3 19. Rg2 Bxh4 20. a4 Be7 21. a5 Nxa5 22. Bd2 Nc6 23. Rg3 h4 24. Rb3 Qd4 25. Qe1 h3 26. Bf3 h2 27. Bh1 Qc4+ 28. Kg2 Rh4 29. Rc3 Rg4+ 30. Kf3 Qe4+ 31. Qxe4 dxe4+ 32. Ke2 Rg1 33. Re1 Rxd2+ 34. Kxd2 Bb4 35. Rd1 Bxc3+ 36. bxc3 a5 37. Ke2 a4 38. Re1 a3 0-1


[Site "https://www.chess.com"]

[Event "Titled Tuesday Blitz March 22 Early 2022"]
[White "Al-Tarboush, Ward"]
[Black "Terry, Renato"]
[WhiteFideId "7601450"]
[BlackFideId "3803457"]
[WhiteElo "2276"]
[BlackElo "2577"]
[Result "0-1"]
[Round "02"]
[TimeControl "180+1"]
[Date "2022.03.22"]
[WhiteClock "0:00:02"]
[BlackClock "0:01:02"]

1. e4 e6 2. d4 d5 3. exd5 exd5 4. Bd3 Nc6 5. Nf3 Bd6 6. O-O Bg4 7. c3 Nge7 8. Re1 Qd7 9. Nbd2 O-O 10. Nf1 Bf5 11. Ng3 Bxd3 12. Qxd3 Rfe8 13. Bd2 f6 14. Re2 Bxg3 15. hxg3 Nf5 16. Rae1 Rxe2 17. Qxe2 Nd6 18. Bf4 Re8 19. Qd1 Ne4 20. Qb3 Na5 21. Qc2 g5 22. Be3 Nc4 23. b3 Ncd6 24. Qd3 Qf5 25. Rd1 Qe6 26. Bc1 c6 27. Ba3 Nb5 28. Bb2 Kg7 29. a4 Nbd6 30. Ba3 Nf5 31. c4 h5 32. a5 a6 33. Re1 Kf7 34. Bc1 Nfd6 35. Nd2 Qf5 0-1


[Site "https://www.chess.com"]

[Event "Titled Tuesday Blitz March 22 Early 2022"]
[White "Altman, Joshua"]
[Black "Timofeev, Artyom"]
[WhiteFideId "426210"]
[BlackFideId "4140419"]
[WhiteElo "1945"]
[BlackElo "2594"]
[Result "0-1"]
[Round "02"]
[TimeControl "180+1"]
[Date "2022.03.22"]
[WhiteClock "0:00:41"]
[BlackClock "0:01:04"]

1. d4 d5 2. c4 e6 3. Nc3 h6 4. cxd5 exd5 5. Nf3 Nf6 6. Qc2 c5 7. e3 Nc6 8. Bb5 cxd4 9. Nxd4 Bd7 10. O-O Be7 11. Nf5 O-O 12. Nxe7+ Qxe7 13. b3 Rac8 14. Bxc6 bxc6 15. Bb2 c5 16. Rfd1 Bc6 17. Rac1 Rfe8 18. Ne2 d4 19. Ng3 dxe3 20. Nf5 Qe4 21. Qxe4 exf2+ 22. Kxf2 Nxe4+ 23. Kg1 f6 24. Nd6 Nxd6 25. Rxd6 Re2 26. Rxc5 Rxg2+ 27. Kf1 Rxb2 28. Rdxc6 Rxc6 29. Rxc6 Rxa2 30. Rc8+ Kh7 31. Rc7 Rxh2 32. Rxa7 Rb2 33. Rb7 h5 34. b4 Kh6 35. b5 g5 36. b6 Kg6 37. Rb8 Kf5 38. b7 h4 39. Kg1 Kg4 40. Kh1 f5 41. Kg1 Kg3 42. Kf1 g4 43. Rf8 Rb1+ 44. Ke2 Rxb7 45. Rxf5 h3 0-1


[Site "https://www.chess.com"]

[Event "Titled Tuesday Blitz March 22 Early 2022"]
[White "Andreikin, Dmitry"]
[Black "Seo, Jung Min"]
[WhiteFideId "4158814"]
[BlackFideId "1734687"]
[WhiteElo "2736"]
[BlackElo "2401"]
[Result "1-0"]
[Round "02"]
[TimeControl "180+1"]
[Date "2022.03.22"]
[WhiteClock "0:01:24"]
[BlackClock "0:01:42"]

1. d4 Nf6 2. Nf3 e6 3. Bg5 b6 4. Nbd2 Bb7 5. c3 Be7 6. e3 Ne4 7. Bxe7 Qxe7 8. Bd3 Nxd2 9. Qxd2 d6 10. e4 Nd7 11. O-O O-O 12. Rae1 e5 13. g3 Rfe8 14. Nh4 g6 15. f4 exf4 16. Rxf4 c5 17. Ref1 Rf8 18. Rg4 Kh8 19. Qh6 Rg8 20. Nf3 f6 21. Nh4 Nf8 22. d5 Rd8 23. c4 Qg7 24. Qxg7+ Rxg7 25. Rxf6 Re7 26. Nf3 Kg7 27. Rgf4 Bc8 28. Ng5 h6 29. Nf7 g5 30. Rf2 1-0


[Site "https://www.chess.com"]

[Event "Titled Tuesday Blitz March 22 Early 2022"]
[White "Araujo Filho, Luiz Antonio Coel"]
[Black "Kovanova, Baira"]
[WhiteFideId "2130661"]
[BlackFideId "4164083"]
[WhiteElo "2217"]
[BlackElo "2190"]
[Result "0-1"]
[Round "02"]
[TimeControl "180+1"]
[Date "2022.03.22"]
[WhiteClock "0:00:03"]
[BlackClock "0:00:17"]

1. d4 Nf6 2. Nf3 e6 3. e3 b6 4. Bd3 Bb7 5. Nbd2 d5 6. Qe2 c5 7. c3 Bd6 8. e4 dxe4 9. Nxe4 Nxe4 10. Bxe4 Qc7 11. O-O Nd7 12. Bg5 h6 13. Bh4 Bxe4 14. Qxe4 O-O 15. dxc5 Nxc5 16. Qe2 e5 17. Rad1 e4 18. Nd4 Bxh2+ 19. Kh1 Bf4 20. Qg4 Qe5 21. Nc6 f5 22. Nxe5 fxg4 23. Nxg4 Nd3 24. f3 Nxb2 25. Rb1 Nc4 26. fxe4 Nd2 27. Rbd1 Nxf1 28. Rxf1 h5 29. Nh2 Rae8 30. Nf3 Rxe4 31. Rd1 Be5 32. Rd7 Rxf3 33. gxf3 Rxh4+ 34. Kg2 Bxc3 35. Rxa7 Rb4 36. a3 Rb2+ 37. Kh3 Be5 38. Kh4 Rh2+ 39. Kg5 Kh7 40. f4 Bf6+ 41. Kf5 Rg2 42. Rb7 h4 43. Rxb6 Ra2 44. Rb3 Be7 45. Rh3 Rxa3 46. Rh1 Bf6 47. Kg4 Rg3+ 48. Kf5 Kh6 49. Rh2 Kh5 50. Rh1 h3 51. Rh2 Kh4 52. Rh1 Rg2 53. Ke4 h2 54. Kf3 Kh3 55. f5 Rg1 0-1


[Site "https://www.chess.com"]

[Event "Titled Tuesday Blitz March 22 Early 2022"]
[White "Ardila, Oscar Humberto"]
[Black "Hirneise, Jens"]
[WhiteFideId "4404742"]
[BlackFideId "24614734"]
[WhiteElo "1966"]
[BlackElo "2359"]
[Result "1-0"]
[Round "02"]
[TimeControl "180+1"]
[Date "2022.03.22"]
[WhiteClock "0:00:05"]
[BlackClock "0:00:13"]

1. d4 f5 2. c4 Nf6 3. Nc3 e6 4. g3 Be7 5. Bg2 d5 6. cxd5 exd5 7. Nf3 c6 8. O-O O-O 9. Ne5 Be6 10. Qb3 Qb6 11. Qd1 Nbd7 12. Bf4 Rae8 13. e3 Ne4 14. Nxd7 Bxd7 15. Qc2 Bf6 16. h4 Rf7 17. a3 h6 18. h5 Rfe7 19. Na4 Qd8 20. Nc5 Bc8 21. Rac1 Rf8 22. b4 Qe8 23. Nxe4 fxe4 24. Bd6 Qxh5 25. Bxe7 Bxe7 26. b5 Bd7 27. bxc6 Bxc6 28. Qd1 Qf5 29. Kh2 a6 30. Bh3 Qg6 31. Rc3 h5 32. Kg1 Qh6 33. Kg2 Rf3 34. Rxc6 bxc6 35. Qb1 h4 36. Qb8+ Rf8 37. Qe5 Bxa3 38. Be6+ Kh8 39. Rh1 Be7 40. Bf5 Bf6 41. Qe6 g6 42. Bg4 Kg7 43. Qd7+ Rf7 44. Qxc6 Qh8 45. Qxd5 Qf8 46. Qxe4 Be7 47. Bf3 Bg5 48. Qg4 Bf6 49. gxh4 Qh8 50. h5 g5 51. Be4 Kh6 52. Qf5 Qg7 53. Qg6+ Qxg6 54. hxg6+ Kg7 55. gxf7 Kxf7 56. Rh7+ 1-0


[Site "https://www.chess.com"]